Map: Orbital Shipyard

Players

LilDicky - Winner!

  • Race: Terran Terran
  • League: Diamond

LinK

  • Race: Zerg Zerg
  • League: Platinum

VOD

http://www.twitch.tv/tumescentpie

Description

Time

  • Played on: Nov. 27, 2015, 11:56 p.m.
  • Length: 19:27
Show
View Real Time Build Order
Export as new Build Order

LilDicky Terran - Winner!

Build Orders: Command Center First (CC) 

Get SALT Encoding   

  12  0:01  SCV  
  13  0:13  SCV  
  14  0:18  Supply Depot  
  14  0:27  SCV  
  15  0:39  SCV  
  16  0:57  SCV  
  16  1:00  Command Center  
  17  1:19  Barracks  
  17  1:20  SCV  
  18  1:31  Supply Depot  
  18  1:32  SCV  
  19  1:44  SCV  
  20  2:00  SCV  
  21  2:10  Command Center  
  21  2:14  Marine  
  22  2:19  Orbital Command  
  22  2:22  Orbital Command  
  22  2:32  Marine  
  23  2:50  Command Center  
  23  2:51  Marine  
  24  2:59  SCV  
  24  3:00  Bunker  
  24  3:02  SCV  
  26  3:09  Marine  
  26  3:11  SCV  
  28  3:16  Refinery  
  28  3:18  Refinery  
  28  3:24  Orbital Command  
  28  3:33  Bunker  
  27  3:38  Marine  
  27  3:39  Supply Depot  
  27  3:40  SCV  
  27  3:41  SCV  
  30  3:56  Marine  
  30  3:57  SCV  
  30  3:58  SCV  
  30  3:59  SCV  
  34  4:03  Orbital Command  
  34  4:09  SCV  
  35  4:10  SCV  
  36  4:18  Factory  
  36  4:19  SCV  
  36  4:21  SCV, Marine  
  36  4:22  Supply Depot  
  36  4:23  SCV  
  40  4:31  SCV x2  
  40  4:32  Refinery x2  
  40  4:33  SCV  
  40  4:36  SCV  
  44  4:41  Marine  
  44  4:43  SCV x2  
  48  4:45  SCV  
  48  4:48  SCV  
  49  4:55  SCV x2  
  49  4:57  SCV  
  49  4:59  Factory  
  52  5:02  SCV, Marine  
  52  5:06  Factory Tech Lab  
  54  5:10  SCV  
  54  5:13  SCV  
  56  5:16  SCV x2  
  56  5:18  Command Center  
  56  5:20  Marine  
  59  5:22  SCV  
  59  5:25  SCV  
  61  5:29  Bunker  
  61  5:34  Bunker  
  59  5:46  Orbital Command  
  59  5:57  Factory Tech Lab, Siege Tank  
  59  5:58  SCV x2  
  59  6:03  Bunker  
  64  6:04  Starport  
  64  6:05  SCV, Engineering Bay  
  64  6:10  SCV x2  
  67  6:13  SCV  
  67  6:17  SCV  
  69  6:20  Siege Tank  
  69  6:22  SCV  
  69  6:24  SCV  
  74  6:27  Bunker  
  74  6:28  Marine  
  74  6:30  Siege Tank  
  74  6:31  SCV  
  79  6:33  SCV  
  79  6:35  Refinery x2  
  80  6:43  SCV, Supply Depot  
  80  6:44  SCV  
  80  6:46  Marine, Starport Reactor  
  83  6:50  Starport  
  83  6:52  Siege Tank  
  86  6:54  Hi-Sec Auto Tracking, Missile Turret  
  86  7:01  Armory  
  86  7:03  Armory, Missile Turret  
  86  7:04  SCV, Siege Tank, Missile Turret x2  
  90  7:14  Supply Depot, Liberator x2  
  90  7:17  Missile Turret  
  90  7:21  SCV x2  
  92  7:25  SCV  
  92  7:28  SCV  
  92  7:29  Missile Turret  
  94  7:30  Starport Tech Lab  
  94  7:35  Missile Turret  
  100  7:39  Missile Turret  
  100  7:41  SCV x4  
  100  7:43  Missile Turret  
  104  7:48  Siege Tank x2  
  104  7:49  Cloaking Field  
  104  7:50  Banshee  
  113  7:53  SCV x4  
  113  7:55  Missile Turret  
  113  7:56  Missile Turret  
  117  7:59  Missile Turret x3  
  117  8:00  Planetary Fortress  
  117  8:05  SCV x3  
  120  8:09  SCV  
  121  8:17  SCV  
  122  8:21  SCV  
  122  8:24  Factory, Refinery x2  
  122  8:27  Supply Depot x2, Missile Turret  
  123  8:31  Liberator x2  
  123  8:33  Missile Turret  
  123  8:35  Terran Vehicle And Ship Armor Level 1, Terran Ship Weapons Level 1  
  123  8:38  Armory  
  123  8:42  Supply Depot  
  123  8:43  Supply Depot  
  123  8:44  Supply Depot  
  131  8:48  SCV x2  
  131  8:49  Siege Tank  
  131  8:53  Supply Depot  
  131  8:55  Missile Turret  
  134  9:02  Supply Depot  
  134  9:03  Missile Turret  
  134  9:10  Command Center  
  134  9:12  Command Center, Factory Reactor  
  134  9:13  Command Center  
  134  9:18  Fusion Core  
  134  9:20  Neosteel Frame  
  134  9:23  Thor  
  140  9:46  Missile Turret  
  140  9:49  Missile Turret  
  140  9:50  Missile Turret  
  140  9:53  Supply Depot  
  140  9:55  Supply Depot, Thor  
  140  9:56  Command Center  
  140  9:57  Hellion x2  
  140  9:59  Liberator, Infernal Pre-Igniter  
  150  10:00  Drilling Claws  
  150  10:07  Terran Vehicle Weapons Level 1  
  150  10:08  Behemoth Reactor  
  150  10:14  Banshee  
  152  10:30  Liberator  
  152  10:32  Orbital Command  
  152  10:33  Orbital Command  
  152  10:39  Building Armor  
  152  10:44  Command Center  
  152  10:48  Command Center, SCV  
  156  10:50  Hellion x2  
  156  10:51  Hellion  
  156  10:52  Hellion  
  156  10:55  Starport  
  156  10:56  Banshee, Missile Turret x2  
  167  10:57  Starport  
  167  10:58  Supply Depot  
  167  10:59  Missile Turret  
  167  11:00  Missile Turret x2  
  167  11:05  Weapon Refit  
  166  11:12  Hellion x2  
  166  11:13  Hellion x2  
  174  11:26  Missile Turret  
  174  11:27  Missile Turret  
  174  11:33  Missile Turret  
  174  11:34  Widow Mine x2  
  175  11:43  Missile Turret x2  
  175  11:45  Missile Turret  
  175  11:46  Starport Tech Lab x3  
  173  11:58  Planetary Fortress  
  173  12:02  Missile Turret  
  173  12:04  Liberator x2  
  173  12:11  Missile Turret  
  173  12:12  Missile Turret  
  173  12:13  Refinery  
  173  12:19  Banshee  
  173  12:20  Banshee  
  185  12:23  Hellion x3  
  185  12:24  Hellion  
  185  12:28  Terran Ship Weapons Level 2, Terran Vehicle Weapons Level 2, Terran Vehicle And Ship Armor Level 2  
  185  12:29  Factory  
  193  12:30  Factory  
  193  12:31  Factory  
  193  12:35  Missile Turret  
  193  12:42  Planetary Fortress  
  192  12:44  Hellion  
  192  12:45  Hellion x3  
  200  12:53  Missile Turret  
  200  12:57  Missile Turret, Hyperflight Rotors  
  200  13:00  Advanced Ballistics  
  200  13:01  Corvid Reactor  
  200  13:05  Missile Turret  
  200  13:06  Missile Turret  
  200  13:21  Missile Turret  
  200  13:26  Missile Turret  
  200  13:30  Command Center x2  
  200  13:31  Command Center  
  200  13:32  Missile Turret  
  200  13:33  Missile Turret  
  200  13:34  Command Center  
  200  13:38  Missile Turret  
  195  13:53  Missile Turret  
  195  13:55  Missile Turret  
  193  13:58  Missile Turret x2  
  193  14:00  Missile Turret  
  193  14:04  Refinery  
  192  14:12  Missile Turret  
  192  14:19  Missile Turret, Liberator x2  
  128  14:33  Banshee  
  128  14:34  Banshee x2  
  128  14:38  Hellion x3, Siege Tank  
  146  15:01  Liberator  
  146  15:02  Liberator  
  146  15:05  Hellion x2  
  146  15:06  Hellion  
  152  15:07  Factory Reactor x3  
  152  15:17  Battlecruiser x3, Refinery  
  152  15:18  Missile Turret  
  152  15:21  Missile Turret  
  170  15:24  Terran Vehicle And Ship Armor Level 3, Terran Vehicle Weapons Level 3  
  164  15:28  Orbital Command  
  164  15:30  Planetary Fortress  
  152  15:44  Liberator  
  152  15:48  Command Center  
  143  15:52  Command Center  
  143  15:54  Widow Mine x6  
  143  15:55  Widow Mine  
  154  16:02  Starport x2  
  154  16:03  Starport  
  151  16:20  Banshee  
  151  16:21  Banshee  
  151  16:24  Missile Turret x2  
  157  16:27  Missile Turret  
  157  16:30  Missile Turret  
  157  16:33  Refinery  
  157  16:38  Refinery  
  157  16:39  Mag-Field Accelerator  
  157  16:43  Cyclone x2  
  157  16:45  Hellion x4  
  171  16:53  Missile Turret  
  171  16:54  Missile Turret  
  165  17:15  Command Center x2, Cyclone x2  
  171  17:34  Battlecruiser  
  171  17:35  Battlecruiser x2  
  189  17:39  Missile Turret  
  186  17:47  Cyclone  
  186  17:49  Planetary Fortress  
  189  18:04  Supply Depot  
  189  18:07  Supply Depot  
  189  18:09  Supply Depot  
  189  18:12  Supply Depot  
  189  18:14  Supply Depot  
  189  18:16  Supply Depot  
  189  18:17  Supply Depot  
  189  18:18  Supply Depot  
  189  18:20  Supply Depot  
  189  18:22  Hellion x2, Siege Tank  
  189  18:23  Hellion  
  198  18:27  Missile Turret  
  198  18:28  Missile Turret  
  198  18:30  Missile Turret  
  198  18:37  Missile Turret  
  198  18:41  Missile Turret  
Show
View Real Time Build Order
Export as new Build Order

LinK Zerg 

Build Orders: Hatch First, Muta Ling Bane 

Get SALT Encoding   

  12  0:01  Drone  
  13  0:11  Drone  
  14  0:17  Overlord  
  14  0:37  Drone x2  
  16  0:53  Hatchery  
  16  0:56  Drone  
  16  1:00  Drone  
  17  1:10  Extractor  
  16  1:13  Drone  
  17  1:26  Spawning Pool  
  17  1:28  Drone  
  17  1:35  Drone x2  
  19  1:42  Drone  
  20  2:05  Overlord  
  21  2:08  Drone  
  21  2:13  Queen  
  21  2:15  Metabolic Boost  
  23  2:17  Zergling x4  
  23  2:18  Drone  
  26  2:24  Queen  
  28  2:41  Drone x2  
  28  2:42  Drone  
  28  2:43  Overlord  
  31  2:57  Roach Warren  
  30  3:12  Overlord  
  30  3:13  Zergling x10  
  35  3:22  Overlord  
  35  3:26  Drone x4  
  38  3:35  Spore Crawler  
  38  3:37  Spore Crawler  
  36  3:41  Drone x2  
  36  3:42  Drone  
  39  4:02  Hatchery, Drone  
  39  4:03  Drone  
  39  4:04  Overlord  
  39  4:06  Roach  
  39  4:08  Roach  
  44  4:26  Lair  
  44  4:29  Extractor  
  43  4:41  Evolution Chamber  
  43  4:42  Evolution Chamber  
  45  4:45  Roach x2  
  45  4:46  Roach x3  
  45  4:47  Ravager  
  45  4:52  Ravager  
  53  5:01  Extractor  
  53  5:06  Drone x5  
  57  5:18  Drone x4  
  57  5:19  Drone  
  62  5:28  Glial Reconstitution  
  62  5:30  Spore Crawler  
  62  5:31  Spine Crawler x2  
  62  5:33  Spine Crawler  
  62  5:34  Drone  
  62  5:35  Drone x2  
  60  5:52  Queen  
  60  5:53  Overlord  
  60  5:57  Overseer  
  62  6:08  Overlord  
  62  6:09  Overlord  
  62  6:10  Roach x3  
  68  6:11  Drone x3  
  71  6:20  Extractor x2  
  71  6:22  Extractor  
  71  6:24  Queen  
  70  6:30  Drone  
  70  6:31  Drone x4  
  75  6:42  Drone x3  
  75  6:43  Drone x2  
  80  6:51  Zerg Ground Armor Level 1  
  80  6:53  Zerg Missile Weapons Level 1  
  80  7:00  Drone x2  
  82  7:09  Pneumatized Carapace  
  82  7:19  Overseer  
  82  7:24  Drone x5  
  87  7:36  Zergling x12  
  93  7:37  Baneling Nest  
  92  7:44  Overlord x2  
  92  7:52  Ravager x2  
  94  8:03  Drone x3, Spore Crawler  
  94  8:04  Drone x3  
  99  8:06  Spore Crawler, Spire  
  97  8:24  Queen  
  97  8:25  Queen x2  
  103  8:33  Spore Crawler  
  102  8:35  Spore Crawler  
  102  8:38  Spore Crawler  
  102  8:39  Spore Crawler  
  99  8:44  Hatchery  
  98  8:50  Overlord x2  
  98  8:59  Centrifical Hooks  
  98  9:28  Mutalisk x3, Roach  
  98  9:29  Mutalisk x6  
  118  9:36  Hatchery  
  117  9:39  Baneling x7  
  117  9:40  Baneling x2  
  117  9:48  Zerg Flyer Weapons Level 1  
  118  10:12  Mutalisk x5  
  128  10:14  Overlord x3  
  128  10:26  Zerg Ground Armor Level 2  
  128  10:27  Zerg Melee Weapons Level 1  
  128  10:30  Hatchery  
  127  10:37  Overlord x2  
  127  10:45  Mutalisk x6  
  139  10:53  Overlord  
  139  10:54  Overlord  
  139  11:17  Mutalisk x7  
  149  11:37  Mutalisk x4  
  149  11:38  Mutalisk x2  
  137  12:00  Drone  
  137  12:01  Drone x13  
  151  12:09  Infestation Pit  
  150  12:15  Hydralisk Den  
  149  12:44  Extractor  
  149  12:46  Extractor  
  147  12:51  Muscular Augments  
  147  12:52  Zerg Missile Weapons Level 2  
  147  12:53  Zerg Melee Weapons Level 2  
  147  12:55  Pathogen Glands  
  147  12:57  Hive  
  147  13:08  Hydralisk  
  147  13:09  Hydralisk x11  
  147  13:10  Hydralisk  
  173  13:19  Spore Crawler  
  172  13:21  Spore Crawler  
  172  13:22  Spore Crawler  
  172  13:23  Drone x3  
  172  13:24  Drone  
  172  13:25  Drone  
  157  14:14  Adrenal Glands  
  155  14:23  Ultralisk Cavern  
  103  14:32  Hydralisk  
  103  14:33  Hydralisk x13  
  114  14:50  Overseer x3  
  99  15:01  Hatchery  
  95  15:20  Ultralisk x2  
  105  15:22  Ultralisk  
  77  16:04  Drone  
  77  16:05  Drone x15  
  93  16:24  Drone  
  93  16:25  Drone x7  
  101  16:41  Hatchery  
  94  17:09  Ultralisk  
  94  17:10  Ultralisk x2  
  112  17:23  Hydralisk x5  
  112  17:24  Hydralisk  
  124  17:42  Chitinous Plating  
  120  18:14  Drone  
  120  18:15  Drone x2  
  123  18:32  Hydralisk x10  
  123  18:33  Hydralisk  
  145  18:53  Hydralisk  
  145  18:54  Hydralisk x7  
  141  19:04  Hatchery  
Tags
 
Add a new tag
Caveats
  • Supply blocks, unpowered buildings, or Contaminate may cause inaccurate times.
  • Supply counts are checked every 10 seconds.